 Dungeon Crawl Stone Soup version 0.17-a0-1655-g88a8506 (webtiles) character file.

28 Neuromancien059 the Insei (level 3, 0/28 HPs)
             Began as a Vampire Monk on Aug 15, 2015.
             Killed from afar by Natasha (10 damage)
             ... with a magic dart
             ... on level 2 of the Dungeon.
             The game lasted 00:09:44 (1211 turns).

Neuromancien059 the Insei (Vampire Monk)            Turns: 1211, Time: 00:09:44

Health: 0/28       AC:  9    Str: 11    XL:     3   Next: 0%
Magic:  3/3        EV: 10    Int: 12    God:
Gold:   51         SH:  0    Dex: 16    Spells: 0 memorised, 2 levels left

rFire  . . .     SeeInvis +       - Unarmed
rCold  + . .     Clarity  .     l - +0 scale mail
rNeg   + + .     SustAt   .     (no shield)
rPois  +         Gourm    .     c - +0 helmet
rElec  .         Spirit   .     o - +1 cloak
rCorr  .         Warding  .     (no gloves)
rMut   .         Stasis   .     (no boots)
MR     .....                    (no amulet)
Stlth  +.........               (no ring)
                                (no ring)

@: regenerating slowly, slowed, very slow, not resistant to hostile
enchantments, very unstealthy
A: fangs 3, see invisible, unbreathing
a: Bat Form


You were on level 2 of the Dungeon.
You were thirsty.

You visited 1 branch of the dungeon, and saw 2 of its levels.

You collected 51 gold pieces.

Inventory:

Armour
 a - a +0 robe
 c - a +0 helmet (worn)
 d - a +0 robe
 l - a +0 scale mail (worn)
 n - a +0 robe
 o - a +1 cloak (worn)
Jewellery
 i - an uncursed amulet of warding {unknown}
 k - a +3 ring of protection {unknown}
Scrolls
 e - 2 scrolls of remove curse {unknown}
 f - a scroll of magic mapping {unknown}
 h - a scroll of noise {unknown}
 m - a scroll of blinking {unknown}
Potions
 b - 2 potions of blood
 g - a potion of brilliance {unknown}
 j - 3 potions of heal wounds {unknown}
 p - a potion of flight {unknown}


   Skills:
 + Level 2.9 Fighting
 + Level 0.1 Armour
 + Level 3.7 Dodging
 + Level 3.4 Stealth
 + Level 4.8 Unarmed Combat


You had 2 spell levels left.
You didn't know any spells.

Dungeon Overview and Level Annotations

Branches:
Dungeon (2/15)

Altars:
Fedhas
Kikubaaqudgha
Ru
Sif Muna

Annotations:
D:2 Natasha


Innate Abilities, Weirdness & Mutations

You heal slowly.
You have razor-sharp teeth.
You have supernaturally acute eyesight.
You can survive without breathing.


Message History

The crimson imp is heavily wounded.
The crimson imp disappears in a puff of smoke!
Natasha closely misses you. The crimson imp closely misses you.
Natasha closely misses you.
The crimson imp hits you but does no damage.
You barely miss the crimson imp.
The crimson imp is moderately wounded.
Natasha claws you but does no damage.
The crimson imp hits you but does no damage.
You closely miss the crimson imp.
The crimson imp is moderately wounded.
Natasha barely misses you.
The crimson imp hits you but does no damage.
Natasha barely misses you.
You closely miss the crimson imp.
The crimson imp is lightly wounded.
The crimson imp barely misses you. Natasha casts a spell at you.
The magic dart hits you!
You die...

#.... ..... #....
..... ###....####.....
................
........$......
b............
.......h$.#
....).5@..#
....[.....#
..........########
.................#
...(.............#
.(...............#.
.................#.#
.................#.#
#####.........†..#.###


You could see Natasha, a crimson imp and a bat (sleeping).

Vanquished Creatures
  An adder (D:2)
  3 hobgoblins (D:1)
  4 kobolds
  2 bats
  A giant cockroach (D:2)
  3 giant newts
  4 goblins
  3 rats
  A fungus (D:1)
22 creatures vanquished.

Notes
Turn   | Place    | Note
--------------------------------------------------------------
     0 | D:1      | Neuromancien059 the Vampire Monk began the quest for the Orb.
     0 | D:1      | Reached XP level 1. HP: 17/17 MP: 1/1
   518 | D:1      | Reached XP level 2. HP: 20/23 MP: 2/2
   997 | D:2      | Found a blossoming altar of Fedhas.
   997 | D:2      | Found a sacrificial altar of Ru.
   998 | D:2      | Found an ancient bone altar of Kikubaaqudgha.
  1010 | D:2      | Found a deep blue altar of Sif Muna.
  1196 | D:2      | Noticed Natasha
  1200 | D:2      | Reached XP level 3. HP: 21/28 MP: 3/3
  1211 | D:2      | Killed from afar by Natasha

Vault maps used:
D:1:      onia_arrival_mini_maze_b
D:2:      nicolae_overflow_quartered_altars, minivault_25,
          uniq_crazy_yiuf_cottage, uniq_natasha

Action                   || total
-------------------------++-------
Melee: Unarmed           ||    95
 Stab: Sleeping          ||     2
